 Dungeon Crawl Stone Soup version 0.31-a0-325-g067879e3d3 (webtiles) character file.

Game seed: 18215386757053529142

249 Babbit the Chopper (level 5, -10/47 HPs)
             Began as a Minotaur Fighter on July 19, 2023.
             Was an Initiate of Okawaru.
             Mangled by an ogre
             ... wielding a +0 giant spiked club
              (16 damage)
             ... on level 5 of the Dungeon.
             The game lasted 00:30:40 (3008 turns).

Babbit the Chopper (Minotaur Fighter)               Turns: 3008, Time: 00:30:41

Health: -10/47     AC:  7    Str: 22    XL:     5   Next: 86%
Magic:  4/4        EV:  9    Int:  5    God:    Okawaru [......]
Gold:   171        SH:  0    Dex: 16    Spells: 4/4 levels left

rFire   . . .        a - +0 war axe
rCold   . . .        j - orb "Bolyat" {*Rage, +Inv rElec rPois}
rNeg    . . .        b - +0 scale mail
rPois   +            (helmet restricted)
rElec   +            (no cloak)
rCorr   .            (no gloves)
SInv    .            (no boots)
Will    .....        (no amulet) Stlth
                     n - +6 ring of dexterity
HPRegen 0.27/turn    (no ring)
MPRegen 0.09/turn

%: random rage (20%)
@: on berserk cooldown, slowed, very slow
A: horns 2, retaliatory headbutt
a: Renounce Religion, Evoke Invisibility


You were on level 5 of the Dungeon.
You worshipped Okawaru.
Okawaru was noncommittal.
You visited 2 branches of the dungeon, and saw 6 of its levels.

You collected 171 gold pieces.

Inventory:

Hand Weapons
 a - a +0 war axe (weapon)
Missiles
 o - 3 silver boomerangs
Armour
 b - a +0 scale mail (worn)
 c - a +0 buckler
 j - the orb "Bolyat" (worn) {*Rage, +Inv rElec rPois}
   (You found it on level 3 of the Dungeon)

   rElec:     It insulates you from electricity.
   rPois:     It protects you from poison.
   +Inv:      It lets you turn invisible.
Jewellery
 n - a +6 ring of dexterity (left hand)
Talismans
 h - a blade talisman
Scrolls
 e - 3 scrolls of identify
 m - a scroll of fog {unknown}
Potions
 d - 2 potions of might
 f - a potion of haste
 g - a potion of resistance
 i - a potion of curing {unknown}
 k - a potion of cancellation {unknown}
 l - a potion of brilliance {unknown}


   Skills:
 + Level 4.8 Fighting
 * Level 5.0 Axes
 + Level 4.8 Armour
 + Level 4.8 Shields


You had 4 spell levels left.
You didn't know any spells.
Your spell library contained the following spells:

 Spells                   Type           Power      Damage    Failure   Level
 Kiss of Death            Conj/Necr      0%         2d5       78%         1
 Necrotise                Necr           0%         1d4       78%         1
 Poisonous Vapours        Pois/Air       0%         N/A       89%         2
 Confusing Touch          Hex            0%         N/A       98%         3
 Dazzling Flash           Conj/Hex       0%         N/A       98%         3
 Mephitic Cloud           Conj/Pois/Air  0%         N/A       98%         3
 Stone Arrow              Conj/Erth      0%         3d7       98%         3
 Vampiric Draining        Necr           0%         2d6       98%         3
 Volatile Blastmotes      Fire/Tloc      0%         2d10      98%         3
 Dispel Undead            Necr           0%         3d6       100%        4
 Agony                    Necr           0%         N/A       100%        5
 Freezing Cloud           Conj/Ice/Air   0%         6-21      100%        5
 Starburst                Conj/Fire      0%         6d3       100%        6
 Lehudib's Crystal Spear  Conj/Erth      0%         10d2      100%        8
 Maxwell's Capacitive Co  Air            0%         ∞         100%        8
 Animate Armour           Summ/Erth      Unusable   N/A       N/A         4

Dungeon Overview and Level Annotations

Branches:
Dungeon (5/15)             Temple (1/1) D:4

Altars:
Ashenzari
Cheibriados
Dithmenos
Elyvilon
Fedhas
Gozag
Hepliaklqana
Makhleb
Okawaru
Qazlal
Ru
Sif Muna
Trog
Uskayaw
Vehumet
Wu Jian
Zin
The Shining One


Innate Abilities, Weirdness & Mutations

You have a pair of horns on your head.
You reflexively headbutt those who attack you in melee.


Message History

The orc is heavily wounded.
The orc barely misses you.
You barely miss the orc.
The orc is heavily wounded.
The orc hits you but does no damage.
You barely miss the orc. You headbutt the orc.
You kill the orc!
Okawaru accepts your kill.
You barely miss the orc. The orc hits you but does no damage.
An orc wizard comes into view. It is wielding a +0 dagger.
The orc wizard shouts!
You slash the orc!
You kill the orc!
Okawaru accepts your kill.
Found 13 gold pieces.
Things that are here:
a +0 club; a +0 ring mail; an orc corpse You feel a strong urge to attack something.
An ogre comes into view. It is wielding a +0 giant spiked club.
The ogre shouts!
You hear a shout!
You slash the orc wizard! You headbutt the orc wizard.
You kill the orc wizard!
Okawaru accepts your kill.
Your Axes skill increases to level 5!
You are no longer berserk.
You are exhausted.
You feel yourself slow down.
Things that are here:
a +0 dagger; a +0 robe; an orc corpse The ogre hits you with a +0 giant spiked club.
An orc comes into view. It is wielding a +0 flail.
You hit the ogre.
The ogre is lightly wounded.
The ogre hits you with a +0 giant spiked club!
* * * LOW HITPOINT WARNING * * *
The ogre closely misses you. You furiously retaliate!
You headbutt the ogre! You hit the ogre. You headbutt the ogre!
The ogre is almost dead.
The ogre hits you with a +0 giant spiked club!
You die...

#.# #.# #...#.#
##...#.# .......
#...#o# #...#O# .
#...#@#
......##...#)###
..............##..
.............$...
...###.)).####...
.. ###..#### .. #.
##......#
#.###..####.#
#.<...## #


You could see an ogre and an orc.

Vanquished Creatures
  A sleepcap (D:5)
  Natasha (D:2)
  An orc wizard (D:5)
  3 gnolls (D:3)
  5 adders
  A white imp (D:3)
  2 worms
  A dart slug (D:2)
  13 orcs
  5 ball pythons
  5 endoplasms
  3 giant cockroaches
  2 goblins
  6 hobgoblins
  2 jackals (D:4)
  5 kobolds
  A quokka (D:1)
  4 frilled lizards
  A goblin skeleton (D:3)
  4 goblin zombies (D:3)
  2 hobgoblin zombies (D:3)
  2 orc skeletons (D:3)
  2 rats
72 creatures vanquished.

Notes
Turn   | Place    | Note
-------+----------+-------------------------------------------
     0 | D:1      | Babbit the Minotaur Fighter began the quest for the Orb.
     0 | D:1      | Reached XP level 1. HP: 19/19 MP: 0/0
   297 | D:1      | Reached XP level 2. HP: 27/27 MP: 1/1
   442 | D:1      | Reached skill level 3 in Axes
   833 | D:2      | Reached XP level 3. HP: 33/33 MP: 2/2
  1287 | D:2      | Noticed Natasha
  1293 | D:2      | Killed Natasha
  1294 | D:2      | Reached XP level 4. HP: 27/40 MP: 3/3
  1338 | D:3      | Found a broken altar of Ashenzari.
  1338 | D:3      | Found a blossoming altar of Fedhas.
  1338 | D:3      | Found an ornate altar of the Wu Jian Council.
  1360 | D:3      | Reached skill level 4 in Axes
  1553 | D:3      | Found a glowing golden altar of the Shining One.
  1581 | D:3      | Reached XP level 5. HP: 17/47 MP: 4/4
  1757 | D:3      | Identified the orb "Bolyat" {*Rage, +Inv rElec rPois}
  2433 | D:3      | Found a faded altar of an unknown god.
  2611 | D:4      | Found a staircase to the Ecumenical Temple.
  2628 | Temple   | Entered the Ecumenical Temple
  2636 | Temple   | Became a worshipper of Warmaster Okawaru
  2984 | D:5      | Entered Level 5 of the Dungeon
  3002 | D:5      | Noticed an ogre
  3005 | D:5      | Reached skill level 5 in Axes
  3008 | D:5      | Mangled by an ogre

Illustrated notes

Levels and vault maps discovered:
D:1:      dpeg_cavernosity, layout_rooms
D:2:      layout_loops_ring, uniq_natasha
D:3:      layout_basic, grunt_temple_overflow_open,
          nicolae_tso_besieged_by_evil, shapermc_ecumenical_altar_petra
D:4:      layout_basic, minmay_temple_entry_trees
D:5:      layout_rooms, nemelex_xobeh_ov_fountains_minmay, serial_shops, shop
Temple:   dpeg_chambers_temple

Skill      XL: |  1  2  3  4  5 |
---------------+----------------+-----
Axes           | 3 4 5 |  5.0
Fighting       | 4 |  4.8
Shields        | 4 |  4.8
Armour         | 4 |  4.8

Action                     |  1- 3 |  4- 6 || total
---------------------------+-------+-------++-------
  Melee: War axe           |    78 |    94 ||   172
         Headbutt          |    12 |    16 ||    28
    Use: Scroll            |     2 |     2 ||     4
 Armour: Scale mail        |    31 |    33 ||    64
  Dodge: Dodged            |    30 |    27 ||    57
  Block: Buckler           |    10 |     8 ||    18

Table legend: (Time is in decaauts)
 A = Elapsed time spent in this place.
 B = Non-inter-level travel time spent in this place.
 C = Inter-level travel time spent in this place.
 D = Time resting spent in this place.
 E = Time spent auto-exploring this place.
 F = Levels seen in this place.
 G = Mean time per level.
                   A        B        C        D        E       F      G
               +--------+--------+--------+--------+--------+-----+--------+
         Total |   3113 |   1319 |   1794 |    151 |      0 |   6 |  518.8 |
       Dungeon |   3088 |   1310 |   1778 |    151 |      0 |   5 |  617.6 |
        Temple |     25 |      9 |     16 |      0 |      0 |   1 |   25.0 |
               +--------+--------+--------+--------+--------+-----+--------+

Top non-repeatable levels by time:
     D:3: 1290 daAuts
     D:1: 741 daAuts
     D:2: 627 daAuts
     D:4: 405 daAuts
  Temple: 25 daAuts
     D:5: 23 daAuts
